 Dungeon Crawl Stone Soup version 0.18-b1-16-g289874d (webtiles) character file.

186 Zhenya25pyc the Skirmisher (level 5, -5/33 HPs)
             Began as a Gargoyle Fighter on Apr 30, 2016.
             Slain by a worm (7 damage)
             ... on level 3 of the Dungeon on May 2, 2016.
             The game lasted 00:04:23 (2276 turns).

Zhenya25pyc the Skirmisher (Gargoyle Fighter)       Turns: 2276, Time: 00:04:24

Health: -5/33      AC: 11    Str: 21    XL:     5   Next: 66%
Magic:  5/5        EV:  7    Int:  8    God:
Gold:   128        SH:  9    Dex:  9    Spells: 0 memorised, 4 levels left

rFire  . . .     SeeInvis .     a - +0 flail
rCold  . . .     Gourm    .     b - +0 scale mail
rNeg   + . .     Faith    .     c - +0 shield
rPois  ∞         Spirit   .     j - +0 hat {MR+}
rElec  +         Dismiss  .     (no cloak)
rCorr  .         Reflect  .     (no gloves)
SustAt .         Harm     .     (no boots)
MR     +....     Rnd*Tele +     i - amulet of rage
Stlth  ..........               k - ring of loudness (curse)
                                e - ring of teleportation (curse)

@: somewhat resistant to hostile enchantments, extremely unstealthy
A: negative energy resistance 1, electricity resistance, unbreathing,
petrification resistance, rot immunity, AC +4
a: Evoke Berserk Rage


You were on level 3 of the Dungeon.
You were not hungry.

You visited 1 branch of the dungeon, and saw 3 of its levels.

You collected 128 gold pieces.

Inventory:

Hand Weapons
 a - a +0 flail (weapon)
Armour
 b - a +0 scale mail (worn)
 c - a +0 shield (worn)
 j - a +0 hat of magic resistance (worn)
Jewellery
 e - a cursed ring of teleportation (left hand)
 i - an amulet of rage (around neck)
 k - a cursed ring of loudness (right hand)
Scrolls
 h - 2 scrolls of enchant armour {unknown}
 l - 2 scrolls of remove curse {unknown}
 n - a scroll of teleportation {unknown}
 o - 2 scrolls of identify {unknown}
 p - a scroll of recharging {unknown}
 q - a scroll of immolation {unknown}
Potions
 d - a potion of might
 m - 2 potions of haste {unknown}
 r - 2 potions of agility {unknown}
 t - a potion of magic {unknown}
Comestibles
 f - 4 bread rations
 g - a beef jerky
 s - 4 chunks of flesh


   Skills:
 + Level 4.2 Fighting
 * Level 3.8 Maces & Flails
 + Level 4.1 Armour
 + Level 4.1 Shields


You had 4 spell levels left.
You didn't know any spells.

Dungeon Overview and Level Annotations

Branches:
Dungeon (3/15)

Altars:


Innate Abilities, Weirdness & Mutations

You are resistant to torment.
Your stone body is resilient (AC +4).
You are immune to poison.
You resist negative energy.
You are resistant to electric shocks.
You can survive without breathing.
You are immune to petrification.
You are immune to rotting.


Message History

You sock the quokka!
You kill the quokka!
The bat barely misses you.
You sock the orc!
You kill the orc!
You block the bat's attack.
Your shield and scale mail prevent you from hitting the bat.
You block the bat's attack.
You hit the worm but do no damage. You block the bat's attack.
The bat hits you but does no damage.
You barely miss the worm. You block the bat's attack.
The bat hits you but does no damage. The worm bites you.
* * * LOW HITPOINT WARNING * * *
You hit the worm.
The worm is moderately wounded.
The bat barely misses you. You block the worm's attack.
You hit the worm but do no damage.
The worm is lightly wounded.
The bat hits you but does no damage. The worm bites you!
You die...

...#... #.
#...###...
###.......#. #
###.)...#####.
##.####
##....)#.......
.......
#..#########...
.......####..#
#..[
......†#..b..#
#.<.
......{w@##..#
##..
.......###......
#... .......
######..## ##.#.
.....$.
...##..#.
....... ........
....... ##......
...>... #.......
#.#####
##.......
.........


You could see a worm and a bat.

Vanquished Creatures
  Ijyb (D:2)
  An orc wizard (D:3)
  A gnoll (D:1)
  4 adders
  An ooze (D:2)
  2 dart slugs
  A giant gecko (D:1)
  5 orcs (D:3)
  4 giant cockroaches
  11 goblins
  10 hobgoblins
  7 jackals
  4 kobolds
  2 quokkas
  A ball python (D:1)
  3 bats (D:1)
  5 giant newts
  5 rats
68 creatures vanquished.

Notes
Turn   | Place    | Note
--------------------------------------------------------------
     0 | D:1      | Zhenya25pyc the Gargoyle Fighter began the quest for the Orb.
     0 | D:1      | Reached XP level 1. HP: 14/14 MP: 1/1
   188 | D:1      | Reached XP level 2. HP: 19/19 MP: 2/2
   797 | D:1      | Reached XP level 3. HP: 23/23 MP: 3/3
  1047 | D:2      | Upgraded the game from 0.18-b1-14-g029dad2 to 0.18-b1-16-g289874d
  1274 | D:2      | Reached XP level 4. HP: 28/28 MP: 4/4
  1681 | D:2      | Noticed Ijyb
  1707 | D:2      | Killed Ijyb
  1707 | D:2      | Reached XP level 5. HP: 11/33 MP: 5/5
  2276 | D:3      | Slain by a worm

Skill      XL: |  1  2  3  4 |
---------------+-------------+-----
Maces & Flails | 3 |  3.8
Fighting       | 4 |  4.2
Armour         | 4 |  4.1
Shields        | 4 |  4.1

Action                   |  1- 3 |  4- 6 || total
-------------------------+-------+-------++-------
Melee: Flail             |    95 |   172 ||   267
  Eat: Chunk             |     1 |     4 ||     5
Armor: Scale mail        |    51 |   105 ||   156
Dodge: Dodged            |    44 |    75 ||   119
Block: Shield            |    65 |   123 ||   188
